 Dungeon Crawl Stone Soup version 0.31-a0-174-g85c54bcb58 (webtiles) character file.

Game seed: 13108401045384724960

209 qw the Shooter (level 5, -1/33 HPs)
             Began as a Gargoyle Hunter on June 15, 2023.
             Killed from afar by Dowan (4 damage)
             ... with a puff of flame
             ... on level 3 of the Dungeon.
             The game lasted 00:01:07 (2265 turns).

qw the Shooter (Gargoyle Hunter)                    Turns: 2265, Time: 00:01:07

Health: -1/33      AC: 10    Str: 14    XL:     5   Next: 87%
Magic:  5/5        EV: 10    Int: 10    God:
Gold:   152        SH:  0    Dex: 15    Spells: 4/4 levels left

rFire   + . .        Y - +0 shortbow
rCold   . . .        (shield currently unavailable)
rNeg    + . .        i - +0 ring mail
rPois   inf          (no helmet)
rElec   +            (no cloak)
rCorr   .            k - +0 pair of gloves
SInv    .            (no boots)
Will    .....        (no amulet)
Stlth   +            j - ring of protection from fire
HPRegen 0.25/turn    (no ring)
MPRegen 0.09/turn

%: no passive effects
@: lit by a corona, about to teleport, glowing
A: sickness immunity, AC +4, negative energy resistance 1, electricity
resistance, torment resistance 1, petrification resistance
a: no special abilities


You were on level 3 of the Dungeon.
You visited 1 branch of the dungeon, and saw 4 of its levels.

You collected 152 gold pieces.


Innate Abilities, Weirdness & Mutations

You are immune to sickness and miasma.
Your stone body is resilient. (AC +4)
You are immune to poison.
You resist negative energy. (rN+)
You are resistant to electric shocks. (rElec)
You are resistant to unholy torment.
You are immune to petrification.


   Skills:
 + Level 3.7 Fighting
 - Level 6.1 Ranged Weapons
 - Level 1.1 Armour
 - Level 1.5 Dodging
 - Level 1.1 Stealth


You had 4 spell levels left.
You didn't know any spells.
Your spell library was empty.

Inventory:

Hand Weapons
 Y - a +0 shortbow (weapon)
Armour
 i - a +0 ring mail (worn)
 k - a +0 pair of gloves (worn)
Jewellery
 j - a ring of protection from fire (left hand)
Scrolls
 b - a scroll of teleportation
Potions
 a - a potion of might {unknown}
 c - a potion of haste {unknown}
 d - a potion of resistance {unknown}
 f - a potion of enlightenment {unknown}
 g - a potion of attraction {unknown}
 h - a potion of berserk rage {unknown}

Dungeon Overview and Level Annotations

Branches:
Dungeon (4/15)
 Temple: D:4-7

Altars:
Gozag

Shops:
D:1 (

Annotations:
D:3 Dowan, Duvessa


Message History

The hound bites you but does no damage. Duvessa hits you with a +0 rapier.
You shoot an arrow. The arrow hits Duvessa.
Duvessa is heavily wounded.
Dowan hits you but does no damage. The hound barely misses you.
Duvessa hits you but does no damage.
You shoot an arrow. The arrow hits Duvessa.
Duvessa is severely wounded.
The hound closely misses you. Dowan barely misses you.
The hound bites you but does no damage.
Duvessa zaps a wand.
The puff of flame misses you. Dowan hits you but does no damage.
You shoot an arrow. The arrow barely misses Duvessa.
The hound bites you but does no damage. Duvessa hits you but does no damage.
The hound bites you but does no damage. Dowan barely misses you.
You shoot an arrow. The arrow hits Duvessa.
Duvessa is almost dead.
The hound closely misses you.
Duvessa zaps a wand.
The puff of flame hits you but does no damage.
You resist. Dowan misses you. The hound bites you.
You shoot an arrow.
The arrow hits Duvessa but does no damage.
Duvessa is almost dead.
The hound barely misses you. Duvessa hits you with a +0 rapier.
Dowan barely misses you. The hound bites you but does no damage.
Duvessa barely misses you.
2264 ||| READING 2 scrolls of teleportation.
As you read the scroll of teleportation, it crumbles to dust.
You feel strangely unstable. Dowan casts a spell at you.
You are outlined in light.
The hound closely misses you. Duvessa hits you but does no damage.
You shoot an arrow. The arrow hits Duvessa.
Duvessa is almost dead.
The hound bites you but does no damage.
Dowan says, "My weaknesses are her strengths!"
Dowan gestures at you while chanting. The puff of flame hits you. You resist.
The hound barely misses you. Duvessa hits you with a +0 rapier.
Dowan points at you and mumbles some strange words.
The puff of flame hits you. You resist.
You die...

.......# #.###.#
.####### #.# #.# # .##
#.# #.# # ..## #.###.#
# ...# #...#.# #
##.###### #>#...# #
[#....%.########...###
########
.###.##........#eh##
#.......
...#...#######.#@.#
#.###### ##.###.#
#.#.e# #.#
#..)#.#######.#..# #.#
##.###........#...#
#.#
...#...#######.##.#
#.#
.###..............#
#.#
?#...#########.####
#.# ##.### #.# #.#
...# #.# #.#


You could see Duvessa, Dowan and a hound.

Vanquished Creatures
  An orc wizard (D:3)
  3 gnolls (D:2)
  7 adders
  3 worms (D:2)
  3 dart slugs
  6 orcs (D:3)
  6 bats
  10 endoplasms
  3 giant cockroaches
  2 hobgoblins
  3 jackals (D:1)
  3 kobolds
  3 quokkas
  6 ball pythons
  4 frilled lizards
  4 goblins
  6 rats
73 creatures vanquished.

Notes
Turn   | Place    | Note
-------+----------+-------------------------------------------
     0 | D:1      | qw the Gargoyle Hunter began the quest for the Orb.
     0 | D:1      | Reached XP level 1. HP: 12/12 MP: 1/1
     0 | D:1      | 0 ||| qw: Version: 0.2-a-29-g511e9b1
     0 | D:1      | 0 ||| qw: Game counter: 5391
     0 | D:1      | 0 ||| qw: Always use a shield: true
     0 | D:1      | 0 ||| qw: God list: Okawaru
     0 | D:1      | 0 ||| qw: Allow faded altars: false
     0 | D:1      | 0 ||| qw: Do Orc after D:15 true
     0 | D:1      | 0 ||| qw: Do second Lair branch before Depths: true
     0 | D:1      | 0 ||| qw: Lair rune preference: random
     0 | D:1      | 0 ||| qw: Plans: Normal, Zot:1-4, Slime:5, God:TSO, Crypt,
                  | Tomb, Abyss, Pan, Hells, Win
     0 | D:1      | 0 ||| PLANNING D:1-11
    28 | D:1      | HP: 3/12 [frilled lizard (1)]
   114 | D:1      | Reached XP level 2. HP: 17/17 MP: 2/2
   216 | D:1      | Found Zinye's Weapon Emporium.
   641 | D:1      | Reached XP level 3. HP: 21/21 MP: 3/3
   728 | D:1      | Found a faded altar of an unknown god.
   761 | D:1      | 761 ||| UPGRADING to +0 ring mail.
   771 | D:1      | 771 ||| DROPPING +0 leather armour.
   772 | D:1      | 772 ||| UPGRADING to ring of protection from fire.
   773 | D:1      | 773 ||| READING scroll labelled AMACZU AREOSOE.
   774 | D:1      | 774 ||| DROPPING scroll of butterflies.
   897 | D:2      | Reached skill level 1 in Armour
   929 | D:2      | Reached skill level 5 in Ranged Weapons
  1027 | D:2      | Reached XP level 4. HP: 24/27 MP: 4/4
  1065 | D:2      | Reached skill level 3 in Fighting
  1426 | D:2      | 1426 ||| READING scroll labelled MUSMA FIFFEIWK.
  1427 | D:2      | 1427 ||| READING 2 scrolls labelled WOCEEWKANGE.
  1432 | D:2      | 1432 ||| READING scroll labelled KOFRUT ASAE.
  1510 | D:3      | Reached XP level 5. HP: 32/32 MP: 5/5
  1716 | D:3      | Found an opulent altar of Gozag.
  1804 | D:3      | Reached skill level 6 in Ranged Weapons
  2141 | D:3      | 2141 ||| UPGRADING to +0 pair of gloves.
  2146 | D:3      | 2146 ||| READING scroll labelled MUMPAYVUAW.
  2147 | D:3      | 2147 ||| READING scroll labelled YRORAMN FOTSUO.
  2149 | D:4      | Noticed Duvessa
  2150 | D:4      | Noticed Dowan
  2159 | D:4      | 2159 ||| STAIRDANCE
  2203 | D:4      | 2203 ||| STAIRDANCE
  2253 | D:4      | 2253 ||| STAIRDANCE
  2263 | D:3      | HP: 7/33 [Duvessa/+0 rapier (3)]
  2264 | D:3      | 2264 ||| READING 2 scrolls of teleportation.
  2265 | D:3      | HP: 3/33 [Duvessa/+0 rapier (2)]
  2265 | D:3      | Killed from afar by Dowan

Levels and vault maps discovered:
D:1:      arrival_zaba_pyramid, layout_basic,
          ebering_ecumenical_altar_sacrificial, serial_shops, shop,
          serial_glass, glass_columns_a, glass_columns_a
D:2:      layout_basic
D:3:      minmay_recursive_quarters, layout_loops_ring,
          mainiacjoe_overflow_tiny_flanked, minmay_quantized
D:4:      layout_loops_cross, grunt_temple_overflow_holy_war,
          pdpol_wu_jian_five_deadly_venoms, minmay_temple_entry_crystal_x,
          uniq_edmund, uniq_sigmund, uniq_eustachio, uniq_duvessa

Skill      XL: |  1  2  3  4  5 |
---------------+----------------+-----
Armour         | 1 |  1.1
Ranged Weapons | 5 6 |  6.1
Fighting       | 3 |  3.7
Dodging        | |  1.5
Stealth        | |  1.1

Action                     |  1- 3 |  4- 6 || total
---------------------------+-------+-------++-------
   Fire: Shortbow          |   100 |   175 ||   275
    Use: Scroll            |     1 |     6 ||     7
 Armour: Leather armour    |     5 |       ||     5
         Ring mail         |     2 |    70 ||    72
  Dodge: Dodged            |     9 |    69 ||    78

Table legend:
 A = Non-vault XP
 B = Vault XP
 C = Vault XP percentage of total XP
 D = Non-vault monster count
 E = Vault monster count
 F = Vault count percentage of total count
                 A         B        C        D         E       F
            +---------+---------+-------+---------+---------+-------
      Total |     258 |      41 |  13.7 |      64 |       9 |  12.3
            +---------+---------+-------+---------+---------+-------
        D:1 |      35 |       0 |   0.0 |      20 |       0 |   0.0
        D:2 |     123 |       0 |   0.0 |      28 |       0 |   0.0
        D:3 |     100 |      41 |  29.1 |      16 |       9 |  36.0
            +---------+---------+-------+---------+---------+-------
